 Dungeon Crawl Stone Soup version 0.17.0-56-gd8de76c (webtiles) character file.

58 Ijustatesigmund the Conjurer (level 3, 0/19 HPs)
             Began as a Deep Elf Conjurer on Dec 4, 2015.
             Slain by a hobgoblin
             ... wielding a +0 club
             ... led by Robin
              (2 damage)
             ... on level 3 of the Dungeon.
             The game lasted 00:07:26 (1554 turns).

Ijustatesigmund the Conjurer (Deep Elf Conjurer)    Turns: 1554, Time: 00:07:26

Health: 0/19       AC:  4    Str:  5    XL:     3   Next: 76%
Magic:  0/10       EV: 13    Int: 20    God:
Gold:   55         SH:  0    Dex: 15    Spells: 3 memorised, 3 levels left

rFire  . . .     SeeInvis .     h - +0 dagger
rCold  . . .     Clarity  .     a - +0 robe
rNeg   . . .     SustAt   .     (no shield)
rPois  .         Gourm    .     e - +2 hat
rElec  .         Spirit   .     (no cloak)
rCorr  .         Warding  .     (no gloves)
rMut   .         Stasis   .     (no boots)
MR     .....                    (no amulet)
Stlth  ++........               (no ring)
                                (no ring)

@: very slightly contaminated, not resistant to hostile enchantments, unstealthy
A: no striking features
a: no special abilities


You were on level 3 of the Dungeon.
You were not hungry.

You visited 1 branch of the dungeon, and saw 3 of its levels.

You collected 55 gold pieces.

Inventory:

Hand Weapons
 h - a +0 dagger (weapon)
Armour
 a - a +0 robe (worn)
 d - a +0 buckler
 e - a +2 hat (worn)
Jewellery
 g - an uncursed amulet of resist mutation {unknown}
Scrolls
 i - a scroll of fear
 l - a scroll of enchant armour
 m - 3 scrolls of identify
 p - a scroll of remove curse
Potions
 f - a potion of might {unknown}
 j - 2 potions of cure mutation
 n - 2 potions of agility {unknown}
Books
 b - a book of Conjurations

   Spells                             Type                      Level
   a - Magic Dart                     Conjuration                  1
   b - Searing Ray                    Conjuration                  2
   c - Dazzling Spray                 Conjuration/Hexes            3
   d - Fulminant Prism                Conjuration/Hexes            4
   e - Iskenderun's Mystic Blast      Conjuration                  4
   f - Iskenderun's Battlesphere      Conjuration/Charms           5
Comestibles
 c - 2 bread rations
 k - a royal jelly
 o - a beef jerky


   Skills:
 - Level 3.1 Dodging
 - Level 3.0 Stealth
 + Level 3.6 Spellcasting
 + Level 4.9 Conjurations
 + Level 1.3 Hexes


You had 3 spell levels left.
You knew the following spells:

 Your Spells              Type           Power        Failure   Level  Hunger
a - Magic Dart            Conj           ###.         1%          1    None
b - Searing Ray           Conj           ###...       2%          2    ##.....
c - Dazzling Spray        Conj/Hex       ###.....     12%         3    ###....


Dungeon Overview and Level Annotations

Branches:
Dungeon (3/15)

Altars:

Annotations:
D:2 Robin


Message History

The goblin shoots a sling bullet.
The sling bullet misses you.
The goblin shoots a sling bullet.
The sling bullet hits you!
There is a stone staircase leading down here.
You see here a sling bullet.
The goblin shoots a sling bullet.
The sling bullet hits you!
* * * LOW HITPOINT WARNING * * *
The hobgoblin hits you but does no damage.
You climb downwards.
A bat comes into view.
Found a scroll of identify.
There is a stone staircase leading up here.
Casting: Magic Dart
Confirm with . or Enter, or press ? or * to list all spells.
Aiming: Magic Dart
Press: ? - help, Shift-Dir - straight line, f - hobgoblin
Aim: a hobgoblin, wielding a club The magic dart hits the hobgoblin.
The hobgoblin is heavily wounded.
The bat closely misses you. The hobgoblin hits you with a club.
You die...

..# ..# ### ..#
.... #.# ...?.
#.##.....
#........
#.g......
#@b......
........##.....
.####...# +#+
.....# ###...#
....+ .....#
....#..


You could see a hobgoblin and a bat.

Vanquished Creatures
  2 worms (D:2)
  5 giant geckos
  6 bats
  A giant cockroach (D:1)
  4 goblins
  11 hobgoblins
  2 quokkas
  3 giant newts
  6 kobolds
  4 rats
44 creatures vanquished.

Notes
Turn   | Place    | Note
--------------------------------------------------------------
     0 | D:1      | Ijustatesigmund the Deep Elf Conjurer began the quest for the Orb.
     0 | D:1      | Reached XP level 1. HP: 10/10 MP: 6/6
   211 | D:1      | Reached XP level 2. HP: 15/15 MP: 2/8
   215 | D:1      | Learned a level 2 spell: Searing Ray
   747 | D:2      | Noticed Robin
  1006 | D:1      | Reached XP level 3. HP: 16/19 MP: 7/10
  1012 | D:1      | Learned a level 3 spell: Dazzling Spray
  1477 | D:2      | Reached skill level 1 in Hexes
  1554 | D:3      | Slain by a hobgoblin

Action                   || total
-------------------------++-------
Melee: Dagger            ||     2
 Cast: Magic Dart        ||   100
  Use: Scroll            ||     6
  Eat: Chunk             ||     2
